 Dungeon Crawl Stone Soup version 0.30-b1-2-g02819fbbbe (webtiles) character file.

Game seed: 518597399661390717

(classic levelgen) 157 EnegeticOcto the Trooper (level 5, -5/47 HPs)
             Began as a Minotaur Fighter on May 9, 2023.
             Slain by Sigmund
             ... wielding a +0 scythe
              (7 damage)
             ... on level 3 of the Dungeon.
             The game lasted 00:00:56 (1560 turns).

EnegeticOcto the Trooper (Minotaur Fighter)         Turns: 1560, Time: 00:00:56

Health: -5/47      AC:  7    Str: 23    XL:     5   Next: 15%
Magic:  4/4        EV:  9    Int:  5    God:
Gold:   116        SH:  4    Dex:  9    Spells: 4/4 levels left

rFire   . . .        a - +0 war axe
rCold   . . .        c - +0 buckler
rNeg    . . .        b - +0 scale mail
rPois   +            (helmet restricted)
rElec   .            (no cloak)
rCorr   .            (no gloves)
SInv    .            (no boots)
Will    .....        (no amulet) Stlth
                     j - ring of poison resistance
HPRegen 0.27/turn    (no ring)
MPRegen 0.09/turn

%: no passive effects
@: no status effects
A: horns 2, retaliatory headbutt
a: no special abilities


You were on level 3 of the Dungeon.
You visited 1 branch of the dungeon, and saw 3 of its levels.

You collected 116 gold pieces.

Inventory:

Hand Weapons
 a - a +0 war axe (weapon)
Missiles
 p - 2 throwing nets (quivered)
Armour
 b - a +0 scale mail (worn)
 c - a +0 buckler (worn)
Jewellery
 i - a +6 ring of intelligence
   (You found it on level 1 of the Dungeon)
 j - a ring of poison resistance (left hand)
   (You found it on level 1 of the Dungeon)
Wands
 q - a wand of paralysis (3)
   (You took it off Ijyb on level 3 of the Dungeon)
Scrolls
 e - a scroll of vulnerability {unknown}
 f - 2 scrolls of teleportation {unknown}
 g - a scroll of immolation {unknown}
 k - a scroll of noise {unknown}
 l - 3 scrolls of identify {unknown}
Potions
 d - 2 potions of might {@q3}
 h - a potion of ambrosia {unknown}
 m - 3 potions of lignification {unknown}
 n - a potion of attraction {unknown}
 o - a potion of cancellation {unknown}


   Skills:
 + Level 4.6 Fighting
 * Level 4.4 Axes
 + Level 4.5 Armour
 + Level 4.4 Shields


You had 4 spell levels left.
You didn't know any spells.
Your spell library was empty.

Dungeon Overview and Level Annotations

Branches:
Dungeon (3/15)

Altars:
Wu Jian

Annotations:
D:3 Sigmund


Innate Abilities, Weirdness & Mutations

You have a pair of horns on your head.
You reflexively headbutt those who attack you in melee.


Message History

Ijyb hits you but does no damage.
You hit Ijyb but do no damage.
Ijyb is heavily wounded.
You block Ijyb's attack. Ijyb hits you with a +0 dagger.
You hit Ijyb but do no damage. Your headbutt misses Ijyb.
Ijyb is heavily wounded.
Ijyb hits you with a +0 dagger.
You barely miss Ijyb.
Ijyb is heavily wounded.
Ijyb closely misses you.
You closely miss Ijyb.
Ijyb is heavily wounded.
Ijyb hits you with a +0 dagger.
Ijyb zaps a wand.
You resist with some effort.
You completely miss Ijyb.
Ijyb is heavily wounded.
Ijyb hits you with a +0 dagger.
You closely miss Ijyb. You headbutt Ijyb, but do no damage.
Ijyb is heavily wounded.
Ijyb hits you with a +0 dagger.
You closely miss Ijyb.
Ijyb is heavily wounded.
Ijyb hits you but does no damage. x2
You closely miss Ijyb. Your headbutt misses Ijyb.
Ijyb is heavily wounded.
Ijyb zaps a wand.
You suddenly lose the ability to move!
Ijyb hits you with a +0 dagger.
Ijyb zaps a wand.
You resist with some effort.
You can move again.
You hit Ijyb. You headbutt Ijyb!
You kill Ijyb!
You have reached level 5!
HP restored.
q - a wand of paralysis (3)
Things that are here:
a +0 dagger; a +0 ring mail
Found a falchion.
You see here a +0 falchion.
Sigmund the Dreaded comes into view.
He is wielding a +0 scythe.
Sigmund shouts!
Sigmund is nearby!
Sigmund is nearby!
Sigmund is nearby!
Sigmund barely misses you. Sigmund hits you with a +0 scythe.
You barely miss Sigmund. You headbutt Sigmund.
Sigmund is lightly wounded.
You hit Sigmund.
Sigmund is lightly wounded.
Sigmund gestures at you while chanting. You resist with some effort.
Sigmund gestures at you while chanting.
You are confused.
You are too confused!
You are too confused!
You are too confused!
You are too confused!
You are too confused!
You are too confused!
You are too confused!
You are too confused!
You are too confused!
You are too confused!
You are too confused!
You barely miss Sigmund.
Sigmund is lightly wounded.
Sigmund points at you and mumbles some strange words.
The puff of flame hits you!
You miss Sigmund.
Sigmund is lightly wounded.
Sigmund barely misses you.
You bump into the rock wall.
Sigmund gestures wildly while chanting.
Sigmund flickers and vanishes!
Deactivating autopickup; reactivate with Ctrl-A.
Something hits you.
You bump into the rock wall.
Something hits you.
You feel less confused. Something hits you but does no damage.
A magic dart appears from out of thin air!
The magic dart hits you.
You are confused.
Something tries to affect you, but you resist.
You are more confused.
A magic dart appears from out of thin air!
The magic dart hits you!
You bump into the rock wall.
You bump into the rock wall.
Something hits you. Something hits you but does no damage.
You miss something. Something hits you. Something hits you.
* * * LOW HITPOINT WARNING * * *
You feel less confused. Something hits you.
* * * LOW HITPOINT WARNING * * *
You slash something! You miss something. Your headbutt misses something.
Something hits you.
* * * LOW HITPOINT WARNING * * *
You closely miss something. Something hits you!
You die...

..######### ###
........... ..#
..#.#####.######.#
..#.#####.##...#.#
.......##.##...#.#
..#.##.##.##...#.##
..#.##.##.......^.#
..................#
.##.##.##......{@.#
#.##.#####...#.##
.....# #...#.#
#.#### #.....#
##...## #...# #...#
#... #...


There were no monsters in sight!

Vanquished Creatures
  Ijyb (D:3)
  3 gnolls (D:2)
  3 adders (D:2)
  4 dart slugs
  3 ball pythons
  6 endoplasms
  16 giant cockroaches
  7 goblins
  3 hobgoblins
  5 kobolds (D:1)
  A quokka (D:2)
  5 bats
  3 frilled lizards
  4 rats
64 creatures vanquished.

Notes
Turn   | Place    | Note
-------+----------+-------------------------------------------
     0 | D:1      | EnegeticOcto the Minotaur Fighter began the quest for the
                  | Orb.
     0 | D:1      | Reached XP level 1. HP: 19/19 MP: 0/0
   102 | D:1      | Reached XP level 2. HP: 27/27 MP: 1/1
   329 | D:1      | Reached XP level 3. HP: 27/33 MP: 2/2
   813 | D:2      | Reached XP level 4. HP: 34/40 MP: 3/3
  1062 | D:2      | Found an ornate altar of the Wu Jian Council.
  1388 | D:3      | Noticed Ijyb
  1392 | D:3      | Paralysed by Ijyb for 5 turns
  1398 | D:3      | Paralysed by Ijyb for 2 turns
  1412 | D:3      | Paralysed by Ijyb for 3 turns
  1415 | D:3      | Killed Ijyb
  1416 | D:3      | Reached XP level 5. HP: 29/47 MP: 4/4
  1528 | D:3      | Noticed Sigmund
  1559 | D:3      | HP: 2/47 [something (4)]
  1560 | D:3      | Slain by Sigmund

Illustrated notes

Levels and vault maps discovered:
D:1:      dpeg_arrival_round_a, layout_basic
D:2:      minmay_roachtagon, layout_loops_ring, basic_altar
D:3:      layout_loops_ring, nicolae_eternal_life, uniq_sigmund, uniq_ijyb

Skill      XL: |  1  2  3  4 |
---------------+-------------+-----
Axes           | 3 4 |  4.4
Armour         | 4 |  4.5
Fighting       | 4 |  4.6
Shields        | 4 |  4.4

Action                     |  1- 3 |  4- 6 || total
---------------------------+-------+-------++-------
  Melee: War axe           |    94 |    66 ||   160
         Headbutt          |    10 |     6 ||    16
 Armour: Scale mail        |    66 |    34 ||   100
  Dodge: Dodged            |    48 |    27 ||    75
  Block: Buckler           |    30 |    11 ||    41
